 Dungeon Crawl Stone Soup version 0.28-a0-199-g298df9dbad (webtiles) character file.

Game seed: 13497961284778553125

713 lunkers the Magician (level 8, -2/58 HPs)
             Began as a Djinni Fire Elementalist on Aug 17, 2021.
             Was an Initiate of Gozag.
             Slain by an adder (3 damage)
             ... on level 5 of the Dungeon on Aug 19, 2021.
             The game lasted 00:13:40 (6870 turns).

lunkers the Magician (Djinni Fire Elementalist)     Turns: 6870, Time: 00:13:41

Health: -2/58      AC:  4    Str:  7    XL:     8   Next: 1%
Gold:   198        EV: 13    Int: 25    God:    Gozag SH:  0 Dex: 20

rFire   + + .      SeeInvis .   f - staff of conjuration
rCold   x . .      Faith    .   (no shield)
rNeg    . . .      Spirit   .   a - +0 robe
rPois   ∞          Reflect  .   (no helmet)
rElec   .          Harm     .   k - +0 cloak
rCorr   .          Rampage  .   q - +0 pair of gloves
Will    .....                   (boots unavailable)
Stlth   ++........              (no amulet)
HPRegen 0.19/turn               j - +6 ring of dexterity
MPRegen 0.00/turn               m - +6 ring of intelligence

@: weak-willed, flying, invisible
A: sickness immunity, fire resistance 2, cold vulnerability 1, float, innate
caster, hp casting, extra vitality 1
a: Renounce Religion, Potion Petition, Call Merchant, Bribe Branch


You were on level 5 of the Dungeon.
You worshipped Gozag.
Gozag was aware of your devotion.
You visited 2 branches of the dungeon, and saw 6 of its levels.

You collected 246 gold pieces.
You paid 48 gold pieces to Gozag.

Inventory:

Armour
 a - a +0 robe (worn)
 k - a +0 cloak (worn)
 q - a +0 pair of gloves (worn)
Magical Staves
 f - a staff of conjuration (weapon)
Jewellery
 j - a +6 ring of dexterity (left hand)
 m - a +6 ring of intelligence (right hand)
Wands
 p - a wand of mindburst (12)
Scrolls
 h - a scroll of noise
 s - a scroll of vulnerability
Potions
 b - a potion of haste {unknown}
 c - a potion of brilliance {unknown}
 d - a potion of invisibility
 e - a potion of degeneration {unknown}
 g - a potion of curing {unknown}
 i - a potion of might {unknown}
 n - a potion of lignification {unknown}
 r - a potion of attraction {unknown}


   Skills:
 + Level 4.4 Fighting
 - Level 2.1 Dodging
 - Level 1.5 Stealth
 * Level 5.7 Spellcasting


You couldn't memorise any spells.
You knew the following spells:

 Your Spells              Type           Power      Damage    Failure   Level
a - Stone Arrow           Conj/Erth      100%       3d13      2%          3
b - Conjure Flame         Conj/Fire      52%        6-21      2%          3
c - Inner Flame           Hex/Fire       35%        N/A       2%          3
d - Sticky Flame          Conj/Fire      52%        2d7       8%          4
e - Fireball              Conj/Fire      26%        3d12      21%         5
f - Corona                Hex            38%        N/A       1%          1
g - Static Discharge      Conj/Air       52%        N/A       1%          2
h - Foxfire               Conj/Fire      100%       2x1d9     1%          1
Your spell library was empty.

Dungeon Overview and Level Annotations

Branches:
Dungeon (5/15)             Temple (1/1) D:4

Altars:
Cheibriados
Dithmenos
Fedhas
Gozag
Hepliaklqana
Kikubaaqudgha
Makhleb
Nemelex Xobeh
Qazlal
Ru
Trog
Uskayaw
Wu Jian
Xom
Yredelemnul
The Shining One

Annotations:
D:3 3 runed translucent doors, CowFu's ghost, amateur HOMo; magicbymccauley's ghost, amateur MiBe


Innate Abilities, Weirdness & Mutations

You are immune to sickness and miasma.
You are immune to poison.
Your flesh is very heat resistant. (rF++)
You are vulnerable to cold. (rC-)
You float through the air rather than walking.
You learn spells naturally, not from books.
Your magical power is your life essence.
You have superior vitality. (+4 HP)


Message History

The hound bites you but does no damage.
Casting: Inner Flame (dangerous; 2% risk of failure)
Confirm with . or Enter, or press ? or * to list all spells.
Okay, then.
The hound bites you.
* * * LOW HITPOINT WARNING * * *
The hound bites you.
* * * LOW HITPOINT WARNING * * *
As you read the scroll labelled XOETUX PU CEMO, it crumbles to dust.
You hear a loud clanging noise!
It was a scroll of noise.
You hear an angry growl.
You hear an angry hiss.
The hound barely misses you. x2
As you read the scroll labelled VIKISET JAPE, it crumbles to dust.
Magic quickly surges around you.
It was a scroll of vulnerability.
The hound completely misses you.
As you read the scroll labelled CIAHAN GIOVEMA, it crumbles to dust.
The scroll dissolves into smoke.
It was a scroll of fog.
The hound bites you but does no damage. The hound barely misses you.
As you read the scroll labelled WIUVUM FOTRA, it crumbles to dust.
You assume a fearsome visage.
The adder looks frightened!
The hound looks frightened!
It was a scroll of fear.
Cornered, the adder turns to fight!
As you read the scroll labelled VANENU AMOLL, it crumbles to dust.
Your body is wracked with pain!
* * * LOW HITPOINT WARNING * * *
The hound convulses!
Flame seeps out of the hound.
The adder convulses!
It was a scroll of torment.
Cornered, the hound turns to fight!
An orc comes into view. It is wielding a +0 dagger.
The hound closely misses you. The hound closely misses you.
The hound bites you.
* * * LOW HITPOINT WARNING * * *
The hound bites you.
* * * LOW HITPOINT WARNING * * *
Okay, then.
You fade into invisibility!
The adder bites you.
You die...
Your body crumbles into a pile of gold.

.##.##. #..)..........## ..#.#..
##..............## h#.#'
##................#
##$.$###.................#
...8......§§§............# #..
##$Jl###§§§§§............# #...
+#.#+ ##§§§§§..........## #....
#.# ##§§O§.o.......<.###.....
##.## #§#§§.h@.<.......<......
##.h.## #§##§.S.........##......
#...h.####§###.......#...#.......
.....JO..JO# ######..#.)#........
.....####### ####..#........
......# #........... .......#
#........... ......##
#..#........ ......# ..###.......


You could see an ogre (weak-willed), a hound (inner flame, weak-willed), an
adder (weak-willed) and an orc.

Vanquished Creatures
  A black bear (D:3)
  2 ogres (D:4)
  A howler monkey (D:5)
  A jelly (D:5)
  2 hounds (D:5)
  An orc priest (D:4)
  2 iguanas (D:4)
  A hound skeleton (D:4)
  5 adders
  6 gnolls
  A white imp (D:5)
  2 ufetubi
  6 worms
  A dart slug (D:2)
  5 orcs
  8 endoplasms
  8 giant cockroaches
  5 goblins
  6 hobgoblins
  6 quokkas
  3 ball pythons
  3 bats
  3 frilled lizards
  10 kobolds
  8 rats
97 creatures vanquished.

Vanquished Creatures (others)
  317 foxfires
  5 fungi (D:2)
  8 plants (D:2)
330 creatures vanquished.

Grand Total: 427 creatures vanquished

Notes
Turn   | Place    | Note
-------+----------+-------------------------------------------
     0 | D:1      | lunkers the Djinni Fire Elementalist began the quest for
                  | the Orb.
     0 | D:1      | Reached XP level 1. HP: 15/15 MP: 0/0
   857 | D:1      | Reached XP level 2. HP: 17/22 MP: 0/0
  1842 | D:2      | Found a basalt altar of Yredelemnul.
  1919 | D:2      | Reached skill level 1 in Fighting
  1919 | D:2      | Reached skill level 3 in Spellcasting
  1919 | D:2      | Reached XP level 3. HP: 24/27 MP: 0/0
  1919 | D:2      | Learned a level 1 spell: Corona
  2575 | D:2      | Reached XP level 4. HP: 27/32 MP: 0/0
  2997 | D:2      | Found a faded altar of an unknown god.
  3409 | D:3      | Noticed a black bear
  3420 | D:3      | Killed a black bear
  3421 | D:3      | Reached skill level 4 in Spellcasting
  3421 | D:3      | Reached XP level 5. HP: 32/39 MP: 0/0
  3421 | D:3      | Learned a level 2 spell: Static Discharge
  3661 | D:3      | Found a runed translucent gate.
  3661 | D:3      | Found a runed translucent gate.
  3663 | D:3      | Found a runed translucent gate.
  3663 | D:3      | Noticed CowFu's ghost (amateur HOMo)
  3663 | D:3      | Noticed magicbymccauley's ghost (amateur MiBe)
  3818 | D:3      | Reached XP level 6. HP: 6/45 MP: 0/0
  5031 | D:4      | Noticed an ogre
  5036 | D:4      | Killed an ogre
  5124 | D:4      | Noticed an ogre
  5132 | D:4      | Killed an ogre
  5133 | D:4      | Reached XP level 7. HP: 26/51 MP: 0/0
  5133 | D:4      | Learned a level 3 spell: Stone Arrow
  5138 | D:4      | Found a staircase to the Ecumenical Temple.
  5380 | D:4      | Reached skill level 5 in Spellcasting
  5385 | D:4      | Upgraded the game from 0.28-a0-178-ga708605c5b to
                  | 0.28-a0-199-g298df9dbad
  5496 | Temple   | Entered the Ecumenical Temple
  5764 | Temple   | Became a worshipper of Gozag Ym Sagoz the Greedy
  6592 | D:4      | Identified the +1 chain mail of Watheuk {rPois rC+}
  6618 | D:5      | Entered Level 5 of the Dungeon
  6844 | D:5      | Reached XP level 8. HP: 37/58 MP: 0/0
  6869 | D:5      | HP: 1/58 [hound (4)]
  6870 | D:5      | Slain by an adder

Illustrated notes

Levels and vault maps discovered:
D:1:      minmay_arrival_four_circles, layout_loops_corners
D:2:      layout_loops_ring, basic_altar,
          shapermc_ecumenical_altar_mp_urbaneastern,
          chequers_serial_rivers_micro_b, minmay_splitting_lines
D:3:      layout_basic, gammafunk_ghost_cemetery,
          chequers_serial_rivers_micro_e, minmay_misc_feat_iff
D:4:      minmay_door_path, layout_cave_pools, minmay_temple_entry_mist,
          portal_sewer_entry_f, minmay_checkerbox
D:5:      cheibrodos_barr_body, layout_cave_pods, jmf_multi_god_temple,
          mainiacjoe_overflow_cross_hatched
Temple:   nicolae_temple_elliptical

Skill      XL: |  1  2  3  4  5  6  7 |
---------------+----------------------+-----
Fighting       | 1 2 3 4 |  4.4
Spellcasting   | 3 4 5 |  5.7
Dodging        | |  2.1
Stealth        | |  1.5

Action                   |  1- 3 |  4- 6 |  7- 9 || total
-------------------------+-------+-------+-------++-------
Melee: Unarmed           |    18 |     8 |       ||    26
 Cast: Foxfire           |    95 |    87 |     6 ||   188
       Stone Arrow       |       |       |    50 ||    50
       Inner Flame       |       |       |     2 ||     2
  Use: Scroll            |       |       |     7 ||     7
       Potion            |       |       |     1 ||     1
 Stab: Sleeping          |     1 |       |       ||     1
Armor: Robe              |     7 |     6 |     3 ||    16
Dodge: Dodged            |    15 |    34 |    15 ||    64

Table legend: (Time is in decaauts)
 A = Elapsed time spent in this place.
 B = Non-inter-level travel time spent in this place.
 C = Inter-level travel time spent in this place.
 D = Time resting spent in this place.
 E = Time spent auto-exploring this place.
 F = Levels seen in this place.
 G = Mean time per level.
                   A        B        C        D        E       F      G
               +--------+--------+--------+--------+--------+-----+--------+
         Total |   6871 |   6593 |    278 |    389 |   5363 |   6 | 1145.2 |
       Dungeon |   6568 |   6325 |    243 |    389 |   5159 |   5 | 1313.6 |
        Temple |    303 |    268 |     35 |      0 |    204 |   1 |  303.0 |
               +--------+--------+--------+--------+--------+-----+--------+

Top non-repeatable levels by time:
     D:3: 1706 daAuts
     D:1: 1700 daAuts
     D:2: 1601 daAuts
     D:4: 1308 daAuts
  Temple: 303 daAuts
     D:5: 251 daAuts
